 Dungeon Crawl Stone Soup version 0.19-a0-277-g85cb9a5 (webtiles) character file.

13 ololoev the Firebug (level 2, -4/15 HPs)
             Began as a Deep Elf Fire Elementalist on May 26, 2016.
             Slain by George's ghost (8 damage)
             ... on level 3 of the Dungeon.
             The game lasted 00:01:00 (100 turns).

ololoev the Firebug (Deep Elf Fire Elementalist)     Turns: 100, Time: 00:01:01

Health: -4/15      AC:  2    Str:  5    XL:     2   Next: 24%
Magic:  2/8        EV: 13    Int: 19    God:
Gold:   0          SH:  0    Dex: 15    Spells: 1 memorised, 6 levels left

rFire  . . .     SeeInvis .     (no weapon)
rCold  . . .     Gourm    .     a - +0 robe
rNeg   . . .     Faith    .     (no shield)
rPois  .         Spirit   .     (no helmet)
rElec  .         Dismiss  .     (no cloak)
rCorr  .         Reflect  .     (no gloves)
SustAt .         Harm     .     (no boots)
MR     .....                    (no amulet)
Stlth  ++........               (no ring)
                                (no ring)

@: not resistant to hostile enchantments, unstealthy
A: no striking features
a: no special abilities

Inventory:

Armour
 a - a +0 robe (worn)
Scrolls
 d - 2 scrolls of remove curse {unknown}
Books
 b - a book of Flames

   Spells                             Type                      Level
   a - Flame Tongue                   Conjuration/Fire             1
   b - Throw Flame                    Conjuration/Fire             2
   c - Conjure Flame                  Conjuration/Fire             3
   d - Inner Flame                    Hexes/Fire                   3
   e - Sticky Flame                   Conjuration/Fire             4
   f - Fireball                       Conjuration/Fire             5
Comestibles
 c - a bread ration


   Skills:
 - Level 2.4 Dodging
 - Level 2.4 Stealth
 + Level 3.3 Spellcasting
 * Level 2.0 Conjurations
 + Level 3.4 Fire Magic


You had 6 spell levels left.
You knew the following spells:

 Your Spells              Type           Power        Failure   Level  Hunger
a - Flame Tongue          Conj/Fire      ##...        6%          1    None


You were on level 3 of the Dungeon.
You were not hungry.

You visited 1 branch of the dungeon, and saw 3 of its levels.

######## #..[...#
#......# ##......#
#.......#.###
+....@.......
###...W.###.##.
#.+.....+
##.#.....#
#........#
###.####........#
#######.
.........>.....#
#..<....
###.####..W........
...........#
#......#...###+#.##
##.#######.#

Notes
Turn   | Place    | Note
--------------------------------------------------------------
     0 | D:1      | ololoev the Deep Elf Fire Elementalist began the quest for the Orb.
     0 | D:1      | Reached XP level 1. HP: 10/10 MP: 6/6
    66 | D:3      | Noticed George's ghost (amateur DsGl)
    79 | D:3      | Reached XP level 2. HP: 3/15 MP: 0/8
    82 | D:3      | Noticed a phantom
   100 | D:3      | Slain by George's ghost

Dungeon Overview and Level Annotations

Branches:
Dungeon (3/15)

Altars:

Annotations:
D:3 George's ghost, amateur DsGl


Message History

You climb downwards.
Found 20 gold pieces.
There is a stone staircase leading up here.
George's ghost (amateur Demonspawn Gladiator) comes into view.
Casting: Flame Tongue
Confirm with . or Enter, or press ? or * to list all spells.
Aiming: Flame Tongue
Press: ? - help, Shift-Dir - straight line, f - George's ghost
Aim: George's ghost (hasn't noticed you)
Okay, then.
A quokka comes into view.
You see here 11 gold pieces.
An adder comes into view.
Casting: Flame Tongue
Confirm with . or Enter, or press ? or * to list all spells.
Aiming: Flame Tongue
Press: ? - help, Shift-Dir - straight line, f - adder
Aim: an adder The flame tongue hits the adder.
The adder is severely wounded.
George's ghost turns its malevolent gaze towards you.
Casting: Flame Tongue
Confirm with . or Enter, or press ? or * to list all spells.
Aiming: Flame Tongue
Press: ? - help, Shift-Dir - straight line, f/p - adder
Aim: an adder (severely wounded)
The flame tongue misses the adder.
The adder misses you.
Casting: Flame Tongue
Confirm with . or Enter, or press ? or * to list all spells.
Aiming: Flame Tongue
Press: ? - help, Shift-Dir - straight line, f/p - adder
Aim: an adder (heavily wounded)
You miscast Flame Tongue.
You are very lightly contaminated with residual magic.
Nothing appears to happen.
The adder bites you.
You are poisoned.
The adder poisons you!
Casting: Flame Tongue
Confirm with . or Enter, or press ? or * to list all spells.
Aiming: Flame Tongue
Press: ? - help, Shift-Dir - straight line, f/p - adder
Aim: an adder (heavily wounded)
The flame tongue hits the adder.
The adder is almost dead.
You feel sick. The adder bites you.
Casting: Flame Tongue
Confirm with . or Enter, or press ? or * to list all spells.
Aiming: Flame Tongue
Press: ? - help, Shift-Dir - straight line, f/p - adder
Aim: an adder (almost dead)
The flame tongue misses the adder.
The adder bites you but does no damage.
Casting: Flame Tongue
Confirm with . or Enter, or press ? or * to list all spells.
Aiming: Flame Tongue
Press: ? - help, Shift-Dir - straight line, f/p - adder
Aim: an adder (almost dead)
The flame tongue hits the adder.
You kill the adder!
Your Conjurations skill increases to level 2!
You have reached level 2!
You feel sick.
You see here an adder corpse.
A phantom comes into view.
You feel sick.
Found a stone staircase leading down.
A quokka comes into view.
Found a scroll labeled UGILOUR RESS.
Drink which item? (? for menu, Esc to quit)
It was a potion of curing.
You feel better. George's ghost hits you.
Found a scroll labeled HYVVUTS ATHRE.
The phantom blinks!
The phantom blinks!
Found a leather armour.
Your magical contamination has completely faded away.
You see here a scroll labeled HYVVUTS ATHRE.
d - 2 scrolls labeled HYVVUTS ATHRE (gained 1) George's ghost hits you.
George's ghost hits you!
Ouch! That really hurt!
You die...

You could see a phantom and George's ghost.

Vanquished Creatures
  An adder (D:3)
  A giant gecko (D:2)
  A quokka (D:2)
  A ball python (D:1)
4 creatures vanquished.

Action                   || total
-------------------------++-------
 Cast: Flame Tongue      ||    11
  Use: Potion            ||     1
Armor: Robe              ||     1
Dodge: Dodged            ||     2

Vault maps used:
D:1:      zelgadis_glass_arrival_small
D:2:      first_bread, corexii_item_surrounded_by_moat, uniq_robin
